 Dungeon Crawl Stone Soup version 0.32-a0-799-g95e1662365 (webtiles) character file.

Game seed: 15069853567699573015

2801 pokeman the Thaumaturge (level 9, 0/49 (52) HPs)
             Began as a Deep Elf Hedge Wizard on Mar 21, 2024.
             Slain by an orc warrior
             ... wielding a +0 battleaxe
              (20 damage)
             ... on level 8 of the Dungeon.
             The game lasted 00:17:35 (6703 turns).

pokeman the Thaumaturge (Deep Elf Hedge Wizard)     Turns: 6703, Time: 00:17:36

HP:   0/49 (52)     AC:  9    Str:  7    XL:     9   Next: 44%
MP:   24/35         EV: 12    Int: 24    God:
Gold: 192           SH:  0    Dex: 14    Spells: 18/31 levels left

rFire   . . .        e - +2 mace (venom)
rCold   . . .        (no shield)
rNeg    . . .        P - +2 robe {Will+}
rPois   +            h - +1 helmet
rElec   .            l - +0 cloak
rCorr   .            I - +0 pair of gloves
SInv    .            C - +0 pair of boots {Fly}
Will    +....        (no amulet)
Stlth   ++           H - ring of magical power
HPRegen 0.28/turn    u - ring of poison resistance
MPRegen 0.24/turn

%: no passive effects
@: flying, very slightly contaminated, drained
A: no striking features
a: no special abilities


You were on level 8 of the Dungeon.
You visited 2 branches of the dungeon, and saw 9 of its levels.

You collected 472 gold pieces.
You spent 280 gold pieces at shops.

Inventory:

Hand Weapons
 e - a +2 mace of venom (weapon)
Missiles
 z - 7 curare-tipped darts
Armour
 h - a +1 helmet (worn)
 l - a +0 cloak (worn)
 A - a +0 scale mail of cold resistance
 C - a +0 pair of boots of flying (worn)
 I - a +0 pair of gloves (worn)
 J - a +0 buckler
 O - a +1 ring mail of fire resistance
 P - a +2 robe of willpower (worn)
Jewellery
 g - a ring of see invisible
 u - a ring of poison resistance (right hand)
 B - a ring of protection from cold
 G - a ring of protection from cold
 H - a ring of magical power (left hand)
Wands
 p - a wand of flame (63)
 s - a wand of mindburst (4)
 K - a wand of roots (9)
 L - a wand of digging (4)
 Q - a wand of charming (1)
Scrolls
 c - 2 scrolls of blinking {unknown}
 f - 6 scrolls of identify {unknown}
 i - 2 scrolls of summoning {unknown}
 k - 4 scrolls of teleportation {unknown}
 o - a scroll of revelation {unknown}
 r - 2 scrolls of enchant armour {unknown}
 t - 2 scrolls of vulnerability {unknown}
 v - a scroll of poison {unknown}
 x - 2 scrolls of fear {unknown}
 y - 2 scrolls of immolation {unknown}
 D - a scroll of noise {unknown}
 N - a scroll of silence {unknown}
Potions
 a - 3 potions of curing {unknown}
 b - a potion of degeneration {unknown}
 d - a potion of magic
 j - a potion of resistance {unknown}
 m - 2 potions of enlightenment {unknown}
 n - a potion of berserk rage {unknown}
 q - 2 potions of brilliance {unknown}
 w - a potion of haste {unknown}
 E - a potion of ambrosia {unknown}
 F - a potion of heal wounds {unknown}
 M - a potion of mutation {unknown}


   Skills:
 - Level 4.0 Fighting
 + Level 2.1 Armour
 - Level 3.0 Dodging
 - Level 3.1 Stealth
 * Level 11.9 Spellcasting
 + Level 6.6 Conjurations
 - Level 1.1 Summonings
 - Level 1.1 Translocations
 + Level 4.0 Ice Magic
 - Level 1.0 Air Magic
 - Level 1.1 Alchemy
 - Level 1.0 Evocations


You had 18 spell levels left.
You knew the following spells:

 Your Spells              Type           Power      Damage    Failure   Level
a - Magic Dart            Conj           100%       1d8       1%          1
b - Mephitic Cloud        Conj/Alch/Air  28%        N/A       3%          3
c - Call Imp              Summ           38%        N/A       4%          2
d - Blink                 Tloc           38%        N/A       4%          2
e - Freezing Cloud        Conj/Ice/Air   16%        6-21      24%         5

Your spell library contained the following spells:

 Spells                   Type           Power      Damage    Failure   Level
 Ensorcelled Hibernation  Hex/Ice        48%        N/A       2%          2
 Slow                     Hex            56%        N/A       4%          1
 Cigotuvi's Dreadful Rot  Necr/Alch/Air  34%        N/A       4%          2
 Swiftness                Air            19%        N/A       9%          3
 Passwall                 Erth           14%        N/A       13%         3
 Ignite Poison            Fire/Alch      16%        N/A       34%         4


Dungeon Overview and Level Annotations

Branches:
Dungeon (8/15)             Temple (1/1) D:4
   Lair: D:8-11

Altars:
Ashenzari
Cheibriados
Dithmenos
Elyvilon
Fedhas
Gozag
Kikubaaqudgha
Makhleb
Nemelex Xobeh
Okawaru
Qazlal
Ru
Sif Muna
Trog
Uskayaw
Wu Jian
Xom
Zin
The Shining One

Shops:
D:1 (:


Message History

The orc barely misses you.
The orc is engulfed in noxious fumes.
The orc appears confused.
The orc barely misses the orc.
Your cerulean imp barely misses the orc.
Unknown command.
Casting: Mephitic Cloud (dangerous; 3% risk of failure)
Confirm with . or Enter, or press ? or * to list all spells.
Aiming: Mephitic Cloud (dangerous; 3% risk of failure)
Press: ? - help, Shift-Dir - straight line, f - orc warrior, p - orc
Aim: an orc warrior, wielding a +0 battleaxe and wearing a +0 chain mail (chance to affect: 81%)
You miscast Mephitic Cloud.
You are very lightly contaminated with residual magic.
Nothing appears to happen.
You kill the orc!
The wight closely misses your cerulean imp.
The orc is engulfed in noxious fumes.
The orc misses you.
The orc is engulfed in noxious fumes.
The orc appears confused.
The orc closely misses the goblin.
Your cerulean imp hits the orc but does no damage.
The orc warrior hits you with a +0 battleaxe!
The orc priest misses your cerulean imp.
Unknown command.
Unknown command.
The orc hits something with a +0 club.
The orc is engulfed in noxious fumes.
The orc appears confused.
Something barely misses the orc.
Unknown command.
Casting: Mephitic Cloud (dangerous; 3% risk of failure)
Confirm with . or Enter, or press ? or * to list all spells.
Aiming: Mephitic Cloud (dangerous; 3% risk of failure)
Press: ? - help, Shift-Dir - straight line, f/p - orc warrior
Aim: an orc warrior, wielding a +0 battleaxe and wearing a +0 chain mail (chance to affect: 81%)
The ball explodes into a vile cloud!
The stinking cloud engulfs the orc warrior.
The stinking cloud engulfs the orc.
The orc is lightly wounded.
The stinking cloud engulfs you.
The stinking cloud engulfs the goblin.
The orc closely misses you.
The orc warrior is engulfed in noxious fumes.
The orc warrior appears confused.
The orc warrior hits you with a +0 battleaxe!!
You die...

#........#z#....#
..#..##.###o###.#
.##.....# #.# .#
.###.######g###...
.....# #.......# ###
.#######.##.##.#####....
.# #......?.#.......#
.######....#zzo#.......#
........##..go5#@......#
.......o###.go○oo§.....#
......$.# #.#☼#§g§.....#
.######.......#........#
#. #.........o......# #
#.#..##..~~~~~≈~.#
#.#......≈#####~.#
.#.#....~# ~.. # ....~.


You could see 2 orc warriors, 2 orcs and 2 goblins.

Vanquished Creatures
  Pikel (D:4)
  Sigmund (D:6)
  Duvessa (D:7)
  2 orc warriors
  A sky beast (D:6)
  An ogre (D:7)
  3 centaurs (D:7)
  A lemure (D:4)
  2 kobold brigands
  2 bullfrogs
  4 scorpions
  Dowan (D:7)
  2 bombardier beetles
  A howler monkey (D:8)
  6 orc priests
  A gnoll bouda (D:7)
  A jelly (D:7)
  Jessica (D:3)
  2 iguanas
  7 orc wizards
  5 gnolls
  7 adders
  2 white imps
  4 dart slugs
  2 ribbon worms
  18 orcs
  5 endoplasms
  6 goblins
  7 hobgoblins
  4 jackals
  2 quokkas
  9 ball pythons
  5 bats
  A frilled lizard (D:1)
  17 kobolds
  4 rats
139 creatures vanquished.

Vanquished Creatures (collateral kills)
  A lemure (D:4)
  A howler monkey (D:8)
2 creatures vanquished.

Vanquished Creatures (others)
  An orc wizard (D:5)
1 creature vanquished.

Grand Total: 142 creatures vanquished

Notes
Turn   | Place    | Note
-------+----------+-------------------------------------------
     0 | D:1      | pokeman the Deep Elf Hedge Wizard began the quest for the
                  | Orb.
     0 | D:1      | Reached XP level 1. HP: 10/10 MP: 7/7
    36 | D:1      | Found Kepsymex's Book Shop.
   414 | D:1      | Reached XP level 2. HP: 16/16 MP: 5/9
   586 | D:1      | Found Peysiet's Antique Weapon Shop.
  1137 | D:1      | Reached skill level 5 in Spellcasting
  1137 | D:1      | Reached XP level 3. HP: 13/20 MP: 9/11
  1141 | D:1      | Learned a level 3 spell: Mephitic Cloud
  1144 | D:1      | Learned a level 2 spell: Call Imp
  1147 | D:1      | Learned a level 2 spell: Blink
  1398 | D:2      | Reached skill level 1 in Fighting
  1863 | D:2      | Reached skill level 1 in Armour
  2278 | D:3      | Noticed Jessica
  2319 | D:3      | Killed Jessica
  2320 | D:3      | Reached XP level 4. HP: 13/25 MP: 2/13
  2841 | D:4      | Reached skill level 6 in Spellcasting
  2841 | D:4      | Reached XP level 5. HP: 29/29 MP: 11/15
  2889 | D:4      | Noticed an orc warrior
  2909 | D:4      | Noticed a lemure
  2910 | D:4      | Noticed Pikel
  2990 | D:4      | Killed an orc warrior
  2991 | D:4      | Reached skill level 1 in Air Magic
  2991 | D:4      | Reached skill level 1 in Alchemy
  2991 | D:4      | Reached skill level 1 in Evocations
  2997 | D:4      | Reached XP level 6. HP: 16/34 MP: 5/17
  3122 | D:4      | Reached skill level 7 in Spellcasting
  3204 | D:4      | Killed Pikel
  3205 | D:4      | Reached skill level 8 in Spellcasting
  3205 | D:4      | Reached XP level 7. HP: 5/40 MP: 2/21
  3452 | D:4      | Found a staircase to the Ecumenical Temple.
  3461 | Temple   | Entered the Ecumenical Temple
  3592 | D:4      | Found a stormy altar of Qazlal.
  3662 | D:5      | Entered Level 5 of the Dungeon
  3847 | D:5      | Reached skill level 9 in Spellcasting
  3941 | D:5      | Reached XP level 8. HP: 35/45 MP: 17/23
  4531 | D:1      | Bought a Trismegistus Codex for 280 gold pieces
  4537 | D:1      | Learned a level 5 spell: Freezing Cloud
  4717 | D:6      | Noticed Sigmund
  4726 | D:6      | Killed Sigmund
  4727 | D:6      | Reached skill level 5 in Conjurations
  4727 | D:6      | Reached skill level 1 in Ice Magic
  4881 | D:6      | Reached skill level 10 in Spellcasting
  5613 | D:7      | Reached skill level 11 in Spellcasting
  5613 | D:7      | Reached XP level 9. HP: 16/52 MP: 26/26
  5824 | D:7      | Noticed Dowan
  5825 | D:7      | Noticed Duvessa
  5847 | D:7      | Killed Duvessa
  5850 | D:7      | Killed Dowan
  6703 | D:8      | Slain by an orc warrior

Illustrated notes

Levels and vault maps discovered:
D:1:      grunt_arrival_lava_bath, layout_basic, serial_shops, shop,
          nicolae_shop_advertising_works [nicolae_subvault_shop_adworks]
D:2:      layout_loops_ring
D:3:      layout_rooms, uniq_jessica
D:4:      layout_rooms, grunt_qazlal_sundering, temple_fountains, uniq_pikel
D:5:      layout_basic
D:6:      layout_basic, uniq_sigmund
D:7:      layout_basic, hangedman_decor_clover_reticule, uniq_duvessa
D:8:      layout_loops_cross, lair_entry_dummy, enter_bailey_3, serial_shops,
          shop
Temple:   regret_index_temple_chain_breaker

Skill      XL: |  1  2  3  4  5  6  7  8  9 |
---------------+----------------------------+-----
Spellcasting   | 5 6 8 9 11 | 11.9
Fighting       | 1 2 4 |  4.0
Conjurations   | 2 3 4 6 |  6.6
Armour         | 1 2 |  2.1
Dodging        | 3 |  3.0
Stealth        | 3 |  3.1
Air Magic      | 1 |  1.0
Alchemy        | 1 |  1.1
Evocations     | 1 |  1.0
Ice Magic      | 3 4 |  4.0
Summonings     | |  1.1
Translocations | |  1.1

Action                     |  1- 3 |  4- 6 |  7- 9 || total
---------------------------+-------+-------+-------++-------
  Melee: Mace              |    23 |    33 |   148 ||   204
   Cast: Magic Dart        |   101 |    33 |    60 ||   194
         Mephitic Cloud    |     1 |    11 |    36 ||    48
         Call Imp          |       |     2 |     2 ||     4
         Blink             |       |     3 |     1 ||     4
  Evoke: Wand              |       |     8 |       ||     8
   Stab: Confused          |     1 |     1 |    22 ||    24
         Sleeping          |     1 |       |       ||     1
 Armour: Robe              |    12 |    26 |   107 ||   145
  Dodge: Dodged            |    18 |    21 |   114 ||   153

Table legend: (Time is in decaauts)
 A = Elapsed time spent in this place.
 B = Non-inter-level travel time spent in this place.
 C = Inter-level travel time spent in this place.
 D = Time resting spent in this place.
 E = Time spent auto-exploring this place.
 F = Levels seen in this place.
 G = Mean time per level.
                   A        B        C        D        E       F      G
               +--------+--------+--------+--------+--------+-----+--------+
         Total |   6786 |   6475 |    311 |    106 |   5100 |   9 |  754.0 |
       Dungeon |   6785 |   6474 |    311 |    106 |   5100 |   8 |  848.1 |
        Temple |      1 |      1 |      0 |      0 |      0 |   1 |    1.0 |
               +--------+--------+--------+--------+--------+-----+--------+

Top non-repeatable levels by time:
     D:1: 1291 daAuts
     D:7: 1114 daAuts
     D:4: 929 daAuts
     D:5: 871 daAuts
     D:2: 849 daAuts
     D:3: 794 daAuts
     D:6: 736 daAuts
     D:8: 197 daAuts
  Temple: 1 daAuts
